 Dungeon Crawl Stone Soup version 0.18-a0-1685-g4482fe3 (webtiles) character file.

22 whatevs the Changer (level 2, -1/24 HPs)
             Began as a Demonspawn Wanderer on Apr 4, 2016.
             Slain by an adder (4 damage)
             ... on level 2 of the Dungeon.
             The game lasted 00:01:50 (882 turns).

whatevs the Changer (Demonspawn Wanderer)            Turns: 882, Time: 00:01:50

Health: -1/24      AC:  2    Str: 13    XL:     2   Next: 68%
Magic:  2/2        EV: 14    Int: 18    God:
Gold:   92         SH:  0    Dex: 10    Spells: 0 memorised, 1 level left

rFire  . . .     SeeInvis .     b - +0 spear
rCold  . . .     Gourm    .     d - +0 robe
rNeg   . . .     Faith    .     (no shield)
rPois  .         Spirit   .     (helmet restricted)
rElec  .         Dismiss  .     (no cloak)
rCorr  .         Reflect  .     (no gloves)
SustAt .         Harm     .     (no boots)
MR     .....                    (no amulet)
Stlth  +.........               q - +4 ring of intelligence
                                n - +3 ring of evasion

@: lethally poisoned (-1 -> -13), not resistant to hostile enchantments, very
unstealthy
A: antennae 1
a: no special abilities


You were on level 2 of the Dungeon.
You were not hungry.

You visited 1 branch of the dungeon, and saw 2 of its levels.

You collected 92 gold pieces.

Inventory:

Hand Weapons
 b - a +0 spear (weapon)
Missiles
 k - 66 arrows
 m - 2 throwing nets (quivered)
Armour
 d - a +0 robe (worn)
Jewellery
 n - a +3 ring of evasion (left hand)
 q - a +4 ring of intelligence (right hand)
Scrolls
 e - a scroll of teleportation {unknown}
 g - 3 scrolls of identify {unknown}
 j - 2 scrolls of random uselessness {unknown}
 l - a scroll of enchant weapon {unknown}
Potions
 c - 3 potions of lignification
 h - a potion of degeneration {unknown}
 p - a potion of invisibility {unknown}
 r - a potion of flight {unknown}
Books
 a - a book of Changes

   Spells                             Type                      Level
   a - Beastly Appendage              Transmutation                1
   b - Sticks to Snakes               Transmutation                2
   c - Spider Form                    Transmutation/Poison         3
   d - Ice Form                       Ice/Transmutation            4
   e - Blade Hands                    Transmutation                5
 o - a book of Spatial Translocations

   Spells                             Type                      Level
   a - Apportation                    Translocation                1
   b - Blink                          Translocation                2
   c - Shroud of Golubria             Charms/Translocation         2
   d - Portal Projectile              Translocation                3
   e - Teleport Other                 Translocation                3
   f - Passage of Golubria            Translocation                4
Comestibles
 f - a bread ration
 i - a beef jerky


   Skills:
 + Level 3.3 Fighting
 - Level 1.0 Throwing
 - Level 1.0 Armour
 - Level 1.0 Stealth
   Level 3.6 Transmutations
   Level 1.0 Air Magic


You had one spell level left.
You didn't know any spells.

Dungeon Overview and Level Annotations

Branches:
Dungeon (2/15)

Altars:
Dithmenos
Gozag
Qazlal
Ru
Sif Muna
Vehumet
Yredelemnul


Innate Abilities, Weirdness & Mutations

You have a pair of small antennae on your head.


Message History

* * * LOW HITPOINT WARNING * * *
You feel sick. The adder barely misses you. The adder closely misses you.
You are too injured to fight recklessly!
You are too injured to fight recklessly!
You barely miss the adder.
The adder is almost dead.
* * * LOW HITPOINT WARNING * * *
You feel sick. The adder barely misses you.
You closely miss the adder.
The adder is almost dead.
* * * LOW HITPOINT WARNING * * *
You feel sick. The adder barely misses you. The adder bites you.
* * * LOW HITPOINT WARNING * * *
You are more poisoned.
The adder poisons you!
You closely miss the adder.
The adder is almost dead.
* * * LOW HITPOINT WARNING * * *
You feel sick. The adder bites you.
You die...

...............#.######
...............#......#
####..##..)....######.#
#<.##.......#....#.#
#..##.......#.##.#.#
#..##...[...#.#..#.#
...##########.#.##.#
..... #.#....# ......
#@###### ##.....
#....S.....#
............$......#
............#
............#
.#..........#
#..........#
#..........#


You could see an adder.

Vanquished Creatures
  A dart slug (D:1)
  A giant gecko (D:1)
  2 giant cockroaches (D:1)
  4 goblins
  3 kobolds (D:1)
  A ball python (D:2)
  2 bats (D:1)
  A giant newt (D:1)
  4 rats
19 creatures vanquished.

Vanquished Creatures (others)
  5 toadstools (D:1)
5 creatures vanquished.

Grand Total: 24 creatures vanquished

Notes
Turn   | Place    | Note
--------------------------------------------------------------
     0 | D:1      | whatevs the Demonspawn Wanderer began the quest for the Orb.
     0 | D:1      | whatevs set off with: a book of Changes, a +0 spear, a potion of lignification, a +0 robe, a bread ration
     0 | D:1      | Reached XP level 1. HP: 16/16 MP: 1/1
   214 | D:1      | Gained mutation: You have a pair of small antennae on your head. [demonic ancestry]
   214 | D:1      | Reached XP level 2. HP: 21/23 MP: 2/2
   725 | D:2      | Found a sacrificial altar of Ru.
   729 | D:2      | Found a radiant altar of Vehumet.
   731 | D:2      | Found a shadowy altar of Dithmenos.
   733 | D:2      | Found a basalt altar of Yredelemnul.
   733 | D:2      | Found a stormy altar of Qazlal.
   734 | D:2      | Found a deep blue altar of Sif Muna.
   735 | D:2      | Found an opulent altar of Gozag.
   882 | D:2      | Slain by an adder

Vault maps used:
D:1:      ldierk_walled_garden
D:2:      good_gods_mini_temple, minitemple, patterned_corridor

Skill      XL: |  1  2 |
---------------+-------+-----
Fighting       | 3 |  3.3
Throwing       | |  1.0
Armour         | |  1.0
Stealth        | |  1.0
Transmutations | |  3.6
Air Magic      | |  1.0

Action                   || total
-------------------------++-------
Melee: Spear             ||    84
 Stab: Sleeping          ||     3
